 Dungeon Crawl Stone Soup version 0.25.1-8-g42b30a86e7 (webtiles) character file.

Game seed: 12570164896579136225

531774 hehateme the Slayer (level 25, -2/137 HPs)
             Began as a Gargoyle Fighter on Dec 8, 2020.
             Was an Initiate of Gozag.
             Killed by divine providence
             ... invoked by a daeva
             ... summoned by a glowing orange brain
              (13 damage)
             ... on level 5 of the Abyss on Dec 9, 2020.
             The game lasted 07:09:25 (89230 turns).

hehateme the Slayer (Gargoyle Fighter)             Turns: 89230, Time: 07:09:25

Health: -2/137     AC: 38    Str: 30      XL:     25   Next: 66%
Magic:  0/18       EV: 18    Int:  6 (8)  God:    Gozag
Gold:   4988       SH: 21    Dex:  7      Spells: 24/24 levels left

rFire    + + .     SeeInvis .   X - +6 demon blade (vorpal)
rCold    + + .     Gourm    .   c - +2 kite shield
rNeg     + + .     Faith    .   w - quicksilver dragon scales
rPois    ∞         Spirit   .   Z - +0 hat "Ixounnesyth" {rC++ rN+ Regen+ Dex-2}
rElec    +         Reflect  +   b - +2 cloak {rF+}
rCorr    .         Harm     .   T - +2 pair of gloves {Str+3}
MR       +++..                  s - +0 pair of boots
Stlth    ..........             j - amulet of reflection
HPRegen  0.72/turn              F - ring of protection from fire
MPRegen  0.16/turn              M - ring of protection from magic

@: mighty, about to teleport, gold aura, stab, very slightly contaminated,
hasted, glowing, invisible (but backlit and visible), very quick
A: big wings, [blurry vision 1], deformed body, dopey 1[+1], frail 2, [low mp
2], negative energy resistance 1, electricity resistance, weak 1, unbreathing,
petrification resistance, no potion heal 1, rot immunity, AC +19
}: 3/15 runes: serpentine, barnacled, silver
a: Fly, Potion Petition, Call Merchant, Bribe Branch, Renounce Religion


You were on level 5 of the Abyss.
You worshipped Gozag.
Gozag was most pleased with you.
You were not hungry.

You visited 9 branches of the dungeon, and saw 45 of its levels.
You visited Pandemonium 1 time, and saw 8 of its levels.
You visited the Abyss 2 times.
You also visited: Volcano.

You collected 27341 gold pieces.
You spent 7970 gold pieces at shops.
You paid 14383 gold pieces to Gozag.

Inventory:

Hand Weapons
 f - the +7 Singing Sword {vorpal, sonic wave}
   (You found it on level 3 of the Vaults)

   It inflicts extra damage upon your enemies.
 O - the +1 mace "Secret Weapon" {venom, MP+9}
   (You took it off a spriggan air mage on level 3 of the Depths)

   It poisons the flesh of those it strikes.
   It affects your magic capacity (+9).
 X - a +6 vorpal demon blade (weapon)
Missiles
 u - 30 javelins
 y - 42 boomerangs (quivered)
 z - 19 silver boomerangs
 C - 25 curare-tipped darts
 H - 121 poisoned darts
 R - 10 throwing nets {=f}
Armour
 b - a +2 cloak of fire resistance (worn)
 c - a +2 kite shield (worn)
 s - a +0 pair of boots (worn)
 w - quicksilver dragon scales (worn)
 G - the +1 cloak of Starlight {rElec rC+ EV+4 Stlth--}
   (You found it on level 5 of the Vaults)

   It affects your evasion (+4).
   It protects you from cold.
   It insulates you from electricity.
   It makes you much less stealthy.
 T - a +2 pair of gloves of strength (worn)
 Z - the +0 hat "Ixounnesyth" (worn) {rC++ rN+ Regen+ Dex-2}
   (You found it on level 1 of the Orcish Mines)

   It affects your dexterity (-2).
   It greatly protects you from cold.
   It protects you from negative energy.
   It increases your rate of regeneration.
Jewellery
 j - an amulet of reflection (around neck)
 p - a +4 ring of slaying
 F - a ring of protection from fire (left hand)
 I - an uncursed ring of protection from cold
 L - an uncursed ring of magical power {MP+9}
 M - a ring of protection from magic (right hand)
Wands
 l - a wand of acid (5)
 r - a wand of clouds (3)
 D - a wand of digging (37)
 S - a wand of polymorph (16)
Scrolls
 a - 3 scrolls of fear
 h - 2 scrolls of torment {!r}
 i - 26 scrolls of identify
 m - 7 scrolls of enchant armour
 n - 4 scrolls of fog
 t - 11 scrolls of teleportation
 v - 2 scrolls of blinking {!r}
 B - 7 scrolls of immolation {!r}
 E - 23 scrolls of remove curse
 J - a scroll of silence
 P - 2 scrolls of holy word {!r}
 Q - 3 scrolls of vulnerability {!r!r}
 U - 6 scrolls of magic mapping {!r}
 V - a scroll of acquirement
Potions
 d - 3 potions of haste
 g - 7 potions of resistance
 k - 18 potions of curing
 q - 5 potions of lignification {!q}
 A - 6 potions of berserk rage {!q}
 W - a potion of might
Miscellaneous
 x - 2 boxes of beasts
 Y - a lightning rod (4/4)
Comestibles
 e - 8 rations


   Skills:
 * Level 21.6 Fighting
 * Level 17.0 Long Blades
   Level 13.0 Axes
 - Level 15.5 Throwing
 - Level 15.0 Armour
 - Level 18.4 Dodging
 - Level 15.1 Shields


You had 24 spell levels left.
You didn't know any spells.
Your spell library contained the following spells:

 Spells                   Type           Power        Failure   Level  Hunger
 Animate Skeleton         Necr           N/A          54%         1    ##.....
 Beastly Appendage        Tmut           #.....       54%         1    ##.....
 Corona                   Hex            #......      54%         1    ##.....
 Foxfire                  Conj/Fire      #...         54%         1    ##.....
 Magic Dart               Conj           #...         54%         1    ##.....
 Pain                     Necr           #...         54%         1    ##.....
 Sting                    Tmut/Pois      #...         54%         1    ##.....
 Summon Butterflies       Summ           #.......     54%         1    ##.....
 Blink                    Tloc           N/A          67%         2    ###....
 Call Imp                 Summ           #.......     67%         2    ###....
 Corpse Rot               Necr/Air       N/A          67%         2    ###....
 Ensorcelled Hibernation  Hex/Ice        #.....       67%         2    ###....
 Poisonous Vapours        Pois/Air       #.....       67%         2    ###....
 Shroud of Golubria       Chrm/Tloc      #.....       67%         2    ###....
 Slow                     Hex            #.......     67%         2    ###....
 Sticks to Snakes         Tmut           #.......     67%         2    ###....
 Call Canine Familiar     Summ           #.......     88%         3    ####...
 Confusing Touch          Hex            #.......     88%         3    ####...
 Conjure Flame            Conj/Fire      #.......     88%         3    ####...
 Dazzling Flash           Conj/Hex       #.....       88%         3    ####...
 Gell's Gravitas          Tloc           #.........   88%         3    ####...
 Ignite Poison            Fire/Tmut/Pois #.......     88%         3    ####...
 Inner Flame              Hex/Fire       #.......     88%         3    ####...
 Lesser Beckoning         Tloc           #.........   88%         3    ####...
 Mephitic Cloud           Conj/Pois/Air  #.......     88%         3    ####...
 Portal Projectile        Hex/Tloc       #.....       88%         3    ####...
 Recall                   Summ/Tloc      N/A          88%         3    ####...
 Spider Form              Tmut/Pois      #.........   88%         3    ####...
 Teleport Other           Tloc           #.......     88%         3    ####...
 Tukima's Dance           Hex            #.......     88%         3    ####...
 Vampiric Draining        Necr           #.........   88%         3    ####...
 Animate Dead             Necr           N/A          99%         4    #####..
 Cause Fear               Hex            #.........   99%         4    #####..
 Dispel Undead            Necr           #.......     99%         4    #####..
 Fulminant Prism          Conj/Hex       #.........   99%         4    #####..
 Ice Form                 Ice/Tmut       #.......     99%         4    #####..
 Leda's Liquefaction      Hex/Erth       #.........   99%         4    #####..
 Olgreb's Toxic Radiance  Pois           #.......     99%         4    #####..
 Passage of Golubria      Tloc           N/A          99%         4    #####..
 Petrify                  Tmut/Erth      #.......     99%         4    #####..
 Sticky Flame             Conj/Fire      #.......     99%         4    #####..
 Summon Ice Beast         Ice/Summ       #.......     99%         4    #####..
 Agony                    Necr           #.......     100%        5    ######.
 Aura of Abjuration       Summ           #.........   100%        5    ######.
 Blade Hands              Tmut           #.........   100%        5    ######.
 Bolt of Magma            Conj/Fire/Erth #.........   100%        5    ######.
 Excruciating Wounds      Chrm/Necr      #.........   100%        5    ######.
 Fireball                 Conj/Fire      #.........   100%        5    ######.
 Metabolic Englaciation   Hex/Ice        #.........   100%        5    ######.
 Summon Demon             Summ           #.........   100%        5    ######.
 Summon Forest            Summ/Tloc      #.........   100%        5    ######.
 Summon Mana Viper        Hex/Summ       #.......     100%        5    ######.
 Yara's Violent Unravell  Hex/Tmut       #.........   100%        5    ######.
 Freezing Cloud           Conj/Ice/Air   #.........   100%        6    #######
 Iron Shot                Conj/Erth      #.........   100%        6    #######
 Ozocubu's Refrigeration  Ice            #.........   100%        6    #######
 Shadow Creatures         Summ           N/A          100%        6    #######
 Simulacrum               Ice/Necr       #.........   100%        6    #######
 Starburst                Conj/Fire      #.........   100%        6    #######
 Orb of Destruction       Conj           #.........   100%        7    #######
 Ring of Flames           Chrm/Fire      #.........   100%        7    #######
 Summon Hydra             Summ           #.........   100%        7    #######
 Chain Lightning          Conj/Air       #.........   100%        8    #######
 Ignition                 Fire           #.........   100%        8    #######
 Lehudib's Crystal Spear  Conj/Erth      #.........   100%        8    #######
 Absolute Zero            Ice            #.........   100%        9    #######
 Fire Storm               Conj/Fire      #.........   100%        9    #######
 Shatter                  Erth           #.........   100%        9    #######
 Sublimation of Blood     Necr           Unusable     N/A         2    N/A
 Statue Form              Tmut/Erth      Unusable     N/A         6    N/A

Dungeon Overview and Level Annotations

Branches:
Dungeon (15/15)            Temple (1/1) D:5            Lair (6/6) D:8
 Shoals (4/4) Lair:4        Snake (4/4) Lair:3        Slime (0/5) Lair:5
    Orc (2/2) D:12            Elf (3/3) Orc:2        Vaults (5/5) D:13
  Crypt (0/3) Vaults:2     Depths (5/5) D:15        Volcano (visited)
    Zot: Depths:5

Altars:
Ashenzari
Dithmenos
Elyvilon
Fedhas
Gozag
Kikubaaqudgha
Makhleb
Nemelex Xobeh
Okawaru
Qazlal
Sif Muna
Trog
Uskayaw
Wu Jian
Xom
Zin
The Shining One
Beogh

Shops:
D:7 (   D:9 :   Orc:2 [=[}   Elf:1 ![*   Elf:2 ??%   Lair:2 =   Snake:4 =[
Vaults:2 !   Vaults:3 (   Vaults:5 [   Depths:1 *([!!

Portals:
Hell: Depths:1 Depths:2 Depths:4 Depths:5
Abyss: Elf:2 Lair:3 Depths:3
Pandemonium: Depths:3
Ziggurat: Depths:2

Annotations:
D:9 exclusion: ice statue
D:12 3 runed translucent doors, hehateme's ghost, journeyman GrFi
Lair:1 3 runed translucent doors, FieryCelt13's ghost, journeyman HOFi
Lair:2 exclusion: oklob plant
Lair:3 2 transporters, KittyFluff's ghost, journeyman DrBe
Shoals:1 exclusion: downstairs
Shoals:2 3 runed translucent doors, Woutahasch's ghost, journeyman HOFi; Zipteul's ghost, adept NaBe; finalsalamander's ghost, adept HOMo
Shoals:3 exclusion: downstairs
Snake:2 exclusion: downstairs
Snake:3 exclusion: downstairs
Elf:2 2 transporters, 5 runed translucent doors, reptisaurus's ghost, adept HaAr
Vaults:3 exclusion: orange crystal statue
Depths:2 4 runed translucent doors


Innate Abilities, Weirdness & Mutations

You are resistant to torment.
Your stone body is resilient. (AC +19)
You are immune to poison.
Your large and strong wings let you fly indefinitely.
You resist negative energy. (rN+)
You are resistant to electric shocks. (rElec)
You can survive without breathing.
You are immune to petrification.
You are immune to rotting.
Armour fits poorly on your strangely shaped body.
You are very frail. (-20% HP)
You are weak. (Str -2)
Potions are less effective at restoring your health.
[Scrolls take you a little longer to read.]
[You are very dopey. (Int -4)]
[Your magical capacity is very low. (-20% MP)]


Message History

The golden eye blinks at you. You resist with almost no effort.
You block the large abomination's attack.
You now have 0/18 mp.
Unknown command.
The daeva blocks your attack.
The shining eye is no longer distracted by gold.
The flying skull is no longer distracted by gold.
The glowing orange brain pulsates.
The large abomination barely misses you.
A large slime creature splits.
Unknown command.
You barely miss the daeva.
The raiju barks! x2
The flying skull gives a hideous shriek!
The raiju dissolves into shadows! x2
The daeva calls down the wrath of the Shining One upon you.
The Shining One smites you!
You die...
Your body crumbles into a pile of gold.

##### ###...##
##..hx..##
#.h.#G#..##
#..##G##..###
#..#.zG#G...##
#.x#####hx..
## #X@AzXh###
.#


##XXhJX#z## . x2#xJh#G. .. .#GXhXX#G##.. #.J2J.XX###.. . #G2.XJxhXXx
#..#xXX..1x.### #..##x..J.### ## .#'. ##

Skill      XL: |  1  2  3  4  5  6  7  8  9 10 11 12 13 14 15 16 17 18 19 20 21 22 23 24 25 |
---------------+----------------------------------------------------------------------------+-----
Axes           | 2 6 9 11 13 | 13.0
Fighting       | 4 6 7 8 10 11 12 13 14 15 17 18 20 21 | 21.6
Shields        | 4 5 6 7 8 12 15 | 15.1
Armour         | 6 7 10 11 14 15 | 15.0
Long Blades    | 3 9 12 14 15 17 | 17.0
Throwing       | 4 6 10 14 15 | 15.5
Dodging        | 5 11 14 17 18 | 18.4

Notes
Turn   | Place    | Note
-------+----------+-------------------------------------------
     0 | D:1      | hehateme the Gargoyle Fighter began the quest for the Orb.
     0 | D:1      | Reached XP level 1. HP: 14/14 MP: 1/1
    33 | D:1      | Reached skill level 2 in Axes
   432 | D:1      | Reached XP level 2. HP: 16/19 MP: 2/2
   736 | D:1      | Reached XP level 3. HP: 24/24 MP: 3/3
   774 | D:1      | Reached skill level 4 in Fighting
  1431 | D:2      | Noticed Robin
  1450 | D:2      | Killed Robin
  1450 | D:2      | Reached XP level 4. HP: 10/30 MP: 4/4
  1760 | D:2      | Noticed Terence
  1837 | D:2      | Killed Terence
  1837 | D:2      | Reached skill level 4 in Shields
  1847 | D:2      | Reached XP level 5. HP: 24/34 MP: 5/5
  2010 | D:2      | Reached skill level 5 in Fighting
  2159 | D:2      | Noticed Jessica
  2162 | D:2      | Killed Jessica
  2395 | D:2      | You fall into a shaft and drop 2 floors!
  2396 | D:4      | Noticed Grinder
  2400 | D:4      | Paralysed by Grinder for 4 turns
  2404 | D:4      | Killed Grinder
  2404 | D:4      | Reached skill level 6 in Fighting
  2404 | D:4      | Reached skill level 5 in Shields
  2404 | D:4      | Reached XP level 6. HP: 41/41 MP: 6/6
  2516 | D:4      | Reached XP level 7. HP: 42/47 MP: 7/7
  2574 | D:4      | Reached skill level 6 in Shields
  2691 | D:4      | Reached skill level 7 in Fighting
  3063 | D:3      | Noticed Ijyb
  3317 | D:3      | Found a glowing golden altar of the Shining One.
  3804 | D:3      | Killed Ijyb
  4366 | D:4      | Reached XP level 8. HP: 53/53 MP: 8/8
  4512 | D:4      | Reached skill level 7 in Shields
  4621 | D:5      | Entered Level 5 of the Dungeon
  4631 | D:5      | Found a staircase to the Ecumenical Temple.
  4639 | Temple   | Entered the Ecumenical Temple
  4662 | Temple   | Became a worshipper of Gozag Ym Sagoz the Greedy
  4797 | D:5      | Reached skill level 4 in Armour
  4912 | D:5      | Reached skill level 8 in Fighting
  5042 | D:5      | Reached skill level 5 in Armour
  5567 | D:6      | Reached skill level 6 in Armour
  5779 | D:6      | Reached XP level 9. HP: 60/60 MP: 9/9
  5838 | D:6      | Reached skill level 7 in Armour
  6425 | D:7      | Found a flagged portal.
  6443 | D:7      | Reached skill level 9 in Fighting
  6446 | D:7      | Reached skill level 3 in Axes
  6587 | D:7      | Found an ornate altar of the Wu Jian Council.
  6864 | D:7      | Noticed Harold
  6889 | D:7      | Killed Harold
  6889 | D:7      | Reached skill level 5 in Axes
  7112 | D:7      | Found Faloimm's Antique Weapon Boutique.
  7507 | D:7      | Reached skill level 10 in Fighting
  7507 | D:7      | Reached skill level 6 in Axes
  7841 | D:7      | Reached XP level 10. HP: 65/68 MP: 10/10
  7890 | D:8      | Noticed a death yak
  7910 | D:7      | Killed a death yak
  7910 | D:7      | Reached skill level 7 in Axes
  8064 | D:8      | Noticed a death yak
  8072 | D:8      | Killed a death yak
  8076 | D:8      | Noticed a death yak
  8109 | D:8      | Reached skill level 8 in Axes
  8589 | D:8      | Noticed Grum
  8601 | D:8      | Killed Grum
  8601 | D:8      | Reached skill level 11 in Fighting
  8903 | D:8      | HP: 17/69 [death yak (16)]
  8932 | D:8      | Killed a death yak
  8932 | D:8      | Reached skill level 9 in Axes
  8932 | D:8      | Reached XP level 11. HP: 24/74 MP: 11/11
  9254 | D:8      | Found a staircase to the Lair.
  9537 | D:8      | Found a shadowy altar of Dithmenos.
  9537 | D:8      | Found an ancient bone altar of Kikubaaqudgha.
  9540 | D:8      | Found a shimmering blue altar of Sif Muna.
  9541 | D:8      | Found a bloodstained altar of Trog.
  9542 | D:8      | Found a burning altar of Makhleb.
 10526 | D:9      | Found Kies's Book Boutique.
 10877 | D:9      | Reached skill level 10 in Axes
 11156 | D:10     | Entered Level 10 of the Dungeon
 11200 | D:10     | Killed an unseen horror
 11495 | D:10     | Reached skill level 12 in Fighting
 12456 | D:10     | Reached skill level 11 in Axes
 12644 | D:11     | Noticed a death knight
 12757 | D:11     | Found a bloodstained altar of Trog.
 12798 | D:11     | Noticed a deep elf mage
 12855 | D:11     | Noticed a two-headed ogre
 12862 | D:11     | Killed a two-headed ogre
 12912 | D:11     | Noticed a cyclops
 12912 | D:11     | Noticed a white ugly thing
 12924 | D:11     | Killed a white ugly thing
 12943 | D:11     | Killed a cyclops
 12943 | D:11     | Reached XP level 12. HP: 51/82 MP: 12/12
 13507 | Lair:1   | Entered Level 1 of the Lair of Beasts
 13553 | Lair:1   | Found a runed translucent gate.
 13554 | Lair:1   | Found a runed translucent gate.
 13555 | Lair:1   | Found a runed translucent gate.
 13558 | Lair:1   | Noticed FieryCelt13's ghost (journeyman HOFi)
 13684 | Lair:1   | Noticed Sonja
 13970 | Lair:1   | Reached skill level 12 in Axes
 13981 | Lair:1   | Killed Sonja
 13981 | Lair:1   | Reached skill level 13 in Fighting
 14047 | Lair:1   | Found a gate leading to a gauntlet.
 14120 | Lair:1   | Identified Ashrar's Catalogue of Shape Shifting and Curses
 14709 | Lair:2   | Identified a scroll of acquirement
 14709 | Lair:2   | Acquired 5 rations
 14714 | Lair:2   | Found a dark tunnel.
 14769 | Volcano  | Entered a volcano
 15174 | Volcano  | Noticed a red draconian
 15183 | Volcano  | Killed a red draconian
 15196 | Volcano  | Noticed a centaur warrior
 15213 | Volcano  | Killed a centaur warrior
 15213 | Volcano  | Reached skill level 13 in Axes
 15224 | Volcano  | Found a radiant altar of Vehumet.
 15610 | Lair:2   | Noticed Erica
 15620 | Lair:2   | Killed Erica
 15620 | Lair:2   | Reached skill level 1 in Long Blades
 15884 | Lair:2   | Reached skill level 2 in Long Blades
 15999 | Lair:2   | Noticed Gastronok
 16023 | Lair:2   | Killed Gastronok
 16023 | Lair:2   | Reached skill level 3 in Long Blades
 16431 | Lair:1   | Reached XP level 13. HP: 80/89 MP: 13/13
 16667 | Lair:2   | Reached skill level 4 in Long Blades
 16782 | Lair:2   | Reached skill level 14 in Fighting
 17340 | Lair:3   | Found a one-way gate to the infinite horrors of the Abyss.
 17340 | Lair:3   | Noticed KittyFluff's ghost (journeyman DrBe)
 17347 | Lair:3   | Found a transporter.
 17413 | Lair:3   | Found a staircase to the Snake Pit.
 17453 | Lair:3   | Reached skill level 5 in Long Blades
 17713 | Lair:3   | Identified the +6 dagger "Orb Guardian's Foe" {distort,
                  | +Fly rN+ MP+9 Int+2}
 17748 | Lair:3   | Found a transporter.
 18475 | Lair:4   | Reached skill level 6 in Long Blades
 18654 | Lair:4   | Found a staircase to the Shoals.
 19548 | Lair:5   | Reached skill level 7 in Long Blades
 19715 | Lair:5   | Found a staircase to the Slime Pits.
 20779 | Lair:6   | Entered Level 6 of the Lair of Beasts
 20799 | Lair:6   | Reached skill level 8 in Long Blades
 21077 | Lair:6   | Noticed Snorg
 21091 | Lair:5   | Reached skill level 9 in Long Blades
 21716 | Lair:6   | Gained mutation: Your large and strong wings let you fly
                  | indefinitely. [Gargoyle growth]
 21716 | Lair:6   | Reached XP level 14. HP: 89/96 MP: 14/14
 21837 | Lair:6   | Reached skill level 10 in Long Blades
 22820 | D:11     | Reached skill level 11 in Long Blades
 22987 | D:11     | Noticed Urug
 23006 | D:11     | Killed Urug
 23094 | D:11     | Reached skill level 1 in Throwing
 23873 | D:12     | Noticed Nergalle
 23972 | D:12     | Killed Nergalle
 23983 | D:12     | Reached skill level 2 in Throwing
 24442 | D:12     | Identified the cursed +1 trident "Woacvaan" {speed,
                  | *Corrode *Drain +Rage rPois}
 24821 | D:12     | Found a staircase to the Orcish Mines.
 24917 | D:12     | Reached skill level 3 in Throwing
 25083 | D:12     | Noticed a fire giant
 25084 | D:12     | Noticed hehateme's ghost (journeyman GrFi)
 25088 | D:12     | Found a runed translucent gate.
 25088 | D:12     | Found a runed translucent gate.
 25088 | D:12     | Found a runed translucent gate.
 25131 | D:12     | Reached skill level 12 in Long Blades
 25295 | Orc:1    | Entered Level 1 of the Orcish Mines
 25531 | Lair:6   | Killed Snorg
 25569 | Lair:6   | HP: 18/96 [four-headed hydra (9)]
 25569 | Lair:6   | HP: 8/96 [komodo dragon (10)]
 25570 | Lair:6   | HP: 2/96 [four-headed hydra (7)]
 26478 | Orc:1    | Identified the +1 robe "Kafoen" {MR+ Dex+5}
 26966 | Orc:1    | Reached skill level 4 in Throwing
 27784 | Orc:1    | Noticed Josephine
 27793 | Orc:1    | Killed Josephine
 28090 | Orc:2    | Entered Level 2 of the Orcish Mines
 28490 | Orc:1    | Reached XP level 15. HP: 79/101 MP: 15/15
 29207 | Orc:2    | Found a staircase to the Elven Halls.
 29330 | Orc:2    | Reached skill level 5 in Throwing
 29413 | Orc:2    | Reached skill level 13 in Long Blades
 31933 | Orc:2    | Reached skill level 6 in Throwing
 32000 | Orc:2    | Found Zasacoec's Armour Shoppe.
 32003 | Orc:2    | Found Riuma's Armour Emporium.
 32004 | Orc:2    | Found Kosag's Gadget Shoppe.
 32005 | Orc:2    | Found Iskeff's Jewellery Shoppe.
 32555 | Snake:1  | Entered Level 1 of the Snake Pit
 33651 | Snake:1  | Reached skill level 14 in Long Blades
 34234 | Snake:1  | Noticed a nagaraja
 34802 | Snake:1  | Killed a nagaraja
 34802 | Snake:1  | Reached skill level 15 in Fighting
 35431 | Snake:1  | Reached skill level 8 in Shields
 36115 | Snake:2  | Noticed a nagaraja
 36143 | Snake:2  | Noticed a nagaraja
 36154 | Snake:1  | Killed a nagaraja
 36173 | Snake:2  | Killed a nagaraja
 36173 | Snake:2  | Reached XP level 16. HP: 73/110 MP: 16/16
 36636 | Snake:2  | Reached skill level 16 in Fighting
 37098 | Snake:2  | Got a colourful robe
 37160 | Snake:2  | Reached skill level 9 in Shields
 39737 | Snake:3  | Reached skill level 10 in Shields
 40235 | Snake:4  | Entered Level 4 of the Snake Pit
 40426 | Snake:3  | Reached skill level 17 in Fighting
 40744 | Snake:4  | Got a dazzling falchion
 40745 | Snake:4  | Identified the +5 falchion of Propriety {vamp, Dex+2} (You
                  | found it on level 4 of the Snake Pit)
 40855 | Snake:4  | Found Jeujick's Jewellery Emporium.
 42050 | Snake:4  | Reached skill level 11 in Shields
 42661 | Snake:4  | Noticed a nagaraja
 42675 | Snake:4  | Noticed a nagaraja
 42700 | Snake:4  | Noticed a nagaraja
 42700 | Snake:4  | Noticed a nagaraja
 42700 | Snake:4  | Noticed a nagaraja
 42701 | Snake:4  | Noticed a nagaraja
 42705 | Snake:4  | Got a serpentine rune of Zot
 42831 | Snake:4  | Killed a nagaraja
 42985 | Snake:4  | Killed a nagaraja
 43244 | Snake:4  | Reached skill level 12 in Shields
 43594 | Snake:3  | Reached XP level 17. HP: 91/118 MP: 17/17
 44275 | Snake:4  | Noticed Louise
 44298 | Snake:4  | Killed Louise
 45076 | Snake:4  | Reached skill level 13 in Shields
 46917 | Snake:4  | Bought shiny pearl dragon scales for 3777 gold pieces
 46954 | Snake:4  | Reached skill level 18 in Fighting
 47560 | D:13     | Noticed Erolcha
 47566 | D:13     | Killed Erolcha
 47656 | D:13     | Noticed Jorgrun
 47671 | D:13     | Killed Jorgrun
 47671 | D:13     | Reached skill level 14 in Shields
 48360 | Orc:1    | Got a crude hat
 48375 | Orc:1    | Identified the +0 hat "Ixounnesyth" {rC++ rN+ Regen+ Dex-2}
                  | (You found it on level 1 of the Orcish Mines)
 49879 | Orc:2    | Bought quicksilver dragon scales for 840 gold pieces
 50379 | D:14     | You fall into a shaft and drop 1 floor!
 50379 | D:15     | Entered Level 15 of the Dungeon
 51989 | D:15     | Reached skill level 15 in Shields
 52672 | D:15     | Reached XP level 18. HP: 126/126 MP: 18/18
 52748 | D:15     | Found a staircase to the Depths.
 53255 | Shoals:1 | Entered Level 1 of the Shoals
 54195 | Shoals:1 | Reached skill level 7 in Throwing
 54380 | Shoals:1 | Reached skill level 8 in Armour
 55120 | Shoals:2 | Found a runed translucent gate.
 55120 | Shoals:2 | Found a runed translucent gate.
 55120 | Shoals:2 | Found a runed translucent gate.
 55535 | Shoals:2 | Reached skill level 8 in Throwing
 56069 | Shoals:2 | Noticed Woutahasch's ghost (journeyman HOFi)
 56069 | Shoals:2 | Noticed Zipteul's ghost (adept NaBe)
 56070 | Shoals:2 | Noticed finalsalamander's ghost (adept HOMo)
 56070 | Shoals:2 | Noticed Woutahasch's ghost (journeyman HOFi)
 56787 | Shoals:1 | Reached skill level 9 in Armour
 57336 | Shoals:3 | Reached skill level 9 in Throwing
 58426 | Shoals:4 | Entered Level 4 of the Shoals
 58824 | Shoals:3 | TerrariaFan: Hi
 58824 | Shoals:3 | TerrariaFan: Lol u look like a gargoyle, ik hoow to do dat
 58936 | Shoals:4 | Found a stormy altar of Qazlal.
 59044 | Shoals:4 | Reached skill level 10 in Throwing
 59182 | Shoals:4 | TerrariaFan: ..........
 59373 | Shoals:4 | Reached skill level 10 in Armour
 59403 | Shoals:3 | TerrariaFan:
                  | ...........................................................
                  | ...........................................................
                  | ...........................................................
                  | ...........................................................
                  | ...........................................................
                  | ...........................................................
                  | ...........................................................
                  | ...........................................................
                  | ...........................................................
                  | ...........................................................
                  | ...........................................................
                  | ...........................................................
                  | ...........................................................
                  | ...........................................................
                  | ...........................................................
                  | ...........................................................
                  | ...........................................................
                  | .
 59407 | Shoals:3 | TerrariaFan:
                  | ...........................................................
                  | ...........................................................
                  | ...........................................................
                  | ...........................................................
                  | ...........................................................
                  | ...........................................................
                  | ...........................................................
                  | ...........................................................
                  | ...........................................................
                  | ...........................................................
                  | ...........................................................
                  | ...........................................................
                  | ...........................................................
                  | ...........................................................
                  | ...........................................................
                  | ...........................................................
                  | ...........................................................
                  | .
 59407 | Shoals:3 | TerrariaFan:
                  | ...........................................................
                  | ...........................................................
                  | ...........................................................
                  | ...........................................................
                  | ...........................................................
                  | ...........................................................
                  | ...........................................................
                  | ...........................................................
                  | ...........................................................
                  | ...........................................................
                  | ...........................................................
                  | ...........................................................
                  | ...........................................................
                  | ...........................................................
                  | ...........................................................
                  | ...........................................................
                  | ...........................................................
                  | .
 59407 | Shoals:3 | TerrariaFan:
                  | ...........................................................
                  | ...........................................................
                  | ...........................................................
                  | ...........................................................
                  | ...........................................................
                  | ...........................................................
                  | ...........................................................
                  | ...........................................................
                  | ...........................................................
                  | ...........................................................
                  | ...........................................................
                  | ...........................................................
                  | ...........................................................
                  | ...........................................................
                  | ...........................................................
                  | ...........................................................
                  | ...........................................................
                  | .
 59407 | Shoals:3 | TerrariaFan:
                  | ...........................................................
                  | ...........................................................
                  | ...........................................................
                  | ...........................................................
                  | ...........................................................
                  | ...........................................................
                  | ...........................................................
                  | ...........................................................
                  | ...........................................................
                  | ...........................................................
                  | ...........................................................
                  | ...........................................................
                  | ...........................................................
                  | ...........................................................
                  | ...........................................................
                  | ...........................................................
                  | ...........................................................
                  | .
 59407 | Shoals:3 | TerrariaFan:
                  | ...........................................................
                  | ...........................................................
                  | ...........................................................
                  | ...........................................................
                  | ...........................................................
                  | ...........................................................
                  | ...........................................................
                  | ...........................................................
                  | ...........................................................
                  | ...........................................................
                  | ...........................................................
                  | ...........................................................
                  | ...........................................................
                  | ...........................................................
                  | ...........................................................
                  | ...........................................................
                  | ...........................................................
                  | .
 59407 | Shoals:3 | TerrariaFan:
                  | ...........................................................
                  | ...........................................................
                  | ...........................................................
                  | ...........................................................
                  | ...........................................................
                  | ...........................................................
                  | ...........................................................
                  | ...........................................................
                  | ...........................................................
                  | ...........................................................
                  | ...........................................................
                  | ...........................................................
                  | ...........................................................
                  | ...........................................................
                  | ...........................................................
                  | ...........................................................
                  | ...........................................................
                  | .
 59407 | Shoals:3 | hehateme: word
 59407 | Shoals:3 | TerrariaFan:
                  | ...........................................................
                  | ...........................................................
                  | ...........................................................
                  | ...........................................................
                  | ...........................................................
                  | ...........................................................
                  | ...........................................................
                  | ...........................................................
                  | ...........................................................
                  | ...........................................................
                  | ...........................................................
                  | ...........................................................
                  | ...........................................................
                  | ...........................................................
                  | ...........................................................
                  | ...........................................................
                  | ...........................................................
                  | .
 59407 | Shoals:3 | TerrariaFan:
                  | ...........................................................
                  | ...........................................................
                  | ...........................................................
                  | ...........................................................
                  | ...........................................................
                  | ...........................................................
                  | ...........................................................
                  | ...........................................................
                  | ...........................................................
                  | ...........................................................
                  | ...........................................................
                  | ...........................................................
                  | ...........................................................
                  | ...........................................................
                  | ...........................................................
                  | ...........................................................
                  | ...........................................................
                  | .
 59407 | Shoals:3 | TerrariaFan:
                  | ...........................................................
                  | ...........................................................
                  | ...........................................................
                  | ...........................................................
                  | ...........................................................
                  | ...........................................................
                  | ...........................................................
                  | ...........................................................
                  | ...........................................................
                  | ...........................................................
                  | ...........................................................
                  | ...........................................................
                  | ...........................................................
                  | ...........................................................
                  | ...........................................................
                  | ...........................................................
                  | ...........................................................
                  | .
 59407 | Shoals:3 | TerrariaFan:
                  | ...........................................................
                  | ...........................................................
                  | ...........................................................
                  | ...........................................................
                  | ...........................................................
                  | ...........................................................
                  | ...........................................................
                  | ...........................................................
                  | ...........................................................
                  | ...........................................................
                  | ...........................................................
                  | ...........................................................
                  | ...........................................................
                  | ...........................................................
                  | ...........................................................
                  | ...........................................................
                  | ...........................................................
                  | .
 59407 | Shoals:3 | TerrariaFan:
                  | ...........................................................
                  | ...........................................................
                  | ...........................................................
                  | ...........................................................
                  | ...........................................................
                  | ...........................................................
                  | ...........................................................
                  | ...........................................................
                  | ...........................................................
                  | ...........................................................
                  | ...........................................................
                  | ...........................................................
                  | ...........................................................
                  | ...........................................................
                  | ...........................................................
                  | ...........................................................
                  | ...........................................................
                  | .
 59407 | Shoals:3 | TerrariaFan:
                  | ...........................................................
                  | ...........................................................
                  | ...........................................................
                  | ...........................................................
                  | ...........................................................
                  | ...........................................................
                  | ...........................................................
                  | ...........................................................
                  | ...........................................................
                  | ...........................................................
                  | ...........................................................
                  | ...........................................................
                  | ...........................................................
                  | ...........................................................
                  | ...........................................................
                  | ...........................................................
                  | ...........................................................
                  | .
 59407 | Shoals:3 | TerrariaFan:
                  | ...........................................................
                  | ...........................................................
                  | ...........................................................
                  | ...........................................................
                  | ...........................................................
                  | ...........................................................
                  | ...........................................................
                  | ...........................................................
                  | ...........................................................
                  | ...........................................................
                  | ...........................................................
                  | ...........................................................
                  | ...........................................................
                  | ...........................................................
                  | ...........................................................
                  | ...........................................................
                  | ...........................................................
                  | .
 59407 | Shoals:3 | TerrariaFan:
                  | ...........................................................
                  | ...........................................................
                  | ...........................................................
                  | ...........................................................
                  | ...........................................................
                  | ...........................................................
                  | ...........................................................
                  | ...........................................................
                  | ...........................................................
                  | ...........................................................
                  | ...........................................................
                  | ...........................................................
                  | ...........................................................
                  | ...........................................................
                  | ...........................................................
                  | ...........................................................
                  | ...........................................................
                  | .
 59407 | Shoals:3 | TerrariaFan:
                  | ...........................................................
                  | ...........................................................
                  | ...........................................................
                  | ...........................................................
                  | ...........................................................
                  | ...........................................................
                  | ...........................................................
                  | ...........................................................
                  | ...........................................................
                  | ...........................................................
                  | ...........................................................
                  | ...........................................................
                  | ...........................................................
                  | ...........................................................
                  | ...........................................................
                  | ...........................................................
                  | ...........................................................
                  | .
 59407 | Shoals:3 | TerrariaFan:
                  | ...........................................................
                  | ...........................................................
                  | ...........................................................
                  | ...........................................................
                  | ...........................................................
                  | ...........................................................
                  | ...........................................................
                  | ...........................................................
                  | ...........................................................
                  | ...........................................................
                  | ...........................................................
                  | ...........................................................
                  | ...........................................................
                  | ...........................................................
                  | ...........................................................
                  | ...........................................................
                  | ...........................................................
                  | .
 59407 | Shoals:3 | TerrariaFan:
                  | ...........................................................
                  | ...........................................................
                  | ...........................................................
                  | ...........................................................
                  | ...........................................................
                  | ...........................................................
                  | ...........................................................
                  | ...........................................................
                  | ...........................................................
                  | ...........................................................
                  | ...........................................................
                  | ...........................................................
                  | ...........................................................
                  | ...........................................................
                  | ...........................................................
                  | ...........................................................
                  | ...........................................................
                  | .
 59407 | Shoals:3 | TerrariaFan:
                  | ...........................................................
                  | ...........................................................
                  | ...........................................................
                  | ...........................................................
                  | ...........................................................
                  | ...........................................................
                  | ...........................................................
                  | ...........................................................
                  | ...........................................................
                  | ...........................................................
                  | ...........................................................
                  | ...........................................................
                  | ...........................................................
                  | ...........................................................
                  | ...........................................................
                  | ...........................................................
                  | ...........................................................
                  | .
 59409 | Shoals:4 | hehateme: lol
 59604 | Shoals:4 | Identified the amulet of Immorality {Spirit *Corrode rPois
                  | Slay-6 SInv}
 59838 | Shoals:4 | Got a barnacled rune of Zot
 59855 | Shoals:4 | Noticed Ilsuiw
 59872 | Shoals:4 | Killed Ilsuiw
 59874 | Shoals:4 | Reached XP level 19. HP: 59/132 MP: 19/19
 60316 | Shoals:4 | Reached skill level 11 in Throwing
 61096 | D:13     | Reached skill level 11 in Armour
 61133 | D:13     | Found a gate to the Vaults.
 61186 | Vaults:1 | Entered Level 1 of the Vaults
 61297 | Vaults:1 | Reached skill level 12 in Throwing
 61341 | Vaults:1 | Reached skill level 1 in Dodging
 61402 | Vaults:1 | Got a faintly humming chain mail
 61403 | Vaults:1 | Identified the +3 chain mail of Prudence {Int+6} (You found
                  | it on level 1 of the Vaults)
 61411 | Vaults:1 | TerrariaFan: *evil flowey face*
 61473 | Vaults:1 | Reached skill level 2 in Dodging
 61545 | Vaults:1 | Noticed an entropy weaver
 61633 | Vaults:1 | Killed an entropy weaver
 61706 | Vaults:1 | TerrariaFan:
                  | qwertyuiopasdfghjklzxcvbnmnbvcxzlkjhgfdsapoiuytrewq
 61706 | Vaults:1 | TerrariaFan:
                  | qwertyuiopasdfghjklzxcvbnmnbvcxzlkjhgfdsapoiuytrewq
 61706 | Vaults:1 | TerrariaFan:
                  | qwertyuiopasdfghjklzxcvbnmnbvcxzlkjhgfdsapoiuytrewq
 61706 | Vaults:1 | TerrariaFan:
                  | qwertyuiopasdfghjklzxcvbnmnbvcxzlkjhgfdsapoiuytrewq
 61706 | Vaults:1 | TerrariaFan:
                  | qwertyuiopasdfghjklzxcvbnmnbvcxzlkjhgfdsapoiuytrewq
 61726 | Vaults:1 | TerrariaFan:
                  | qwertyuiopasdfghjklzxcvbnmnbvcxzlkjhgfdsapoiuytrewq
 61726 | Vaults:1 | TerrariaFan:
                  | qwertyuiopasdfghjklzxcvbnmnbvcxzlkjhgfdsapoiuytrewq
 61726 | Vaults:1 | TerrariaFan:
                  | qwertyuiopasdfghjklzxcvbnmnbvcxzlkjhgfdsapoiuytrewq
 61726 | Vaults:1 | TerrariaFan:
                  | qwertyuiopasdfghjklzxcvbnmnbvcxzlkjhgfdsapoiuytrewq
 61726 | Vaults:1 | TerrariaFan:
                  | qwertyuiopasdfghjklzxcvbnmnbvcxzlkjhgfdsapoiuytrewq
 61726 | Vaults:1 | TerrariaFan:
                  | qwertyuiopasdfghjklzxcvbnmnbvcxzlkjhgfdsapoiuytrewq
 61726 | Vaults:1 | TerrariaFan:
                  | qwertyuiopasdfghjklzxcvbnmnbvcxzlkjhgfdsapoiuytrewq
 61726 | Vaults:1 | TerrariaFan:
                  | qwertyuiopasdfghjklzxcvbnmnbvcxzlkjhgfdsapoiuytrewq
 61726 | Vaults:1 | TerrariaFan:
                  | qwertyuiopasdfghjklzxcvbnmnbvcxzlkjhgfdsapoiuytrewq
 61726 | Vaults:1 | TerrariaFan:
                  | qwertyuiopasdfghjklzxcvbnmnbvcxzlkjhgfdsapoiuytrewq
 61726 | Vaults:1 | TerrariaFan:
                  | qwertyuiopasdfghjklzxcvbnmnbvcxzlkjhgfdsapoiuytrewq
 61726 | Vaults:1 | TerrariaFan:
                  | qwertyuiopasdfghjklzxcvbnmnbvcxzlkjhgfdsapoiuytrewq
 61726 | Vaults:1 | TerrariaFan:
                  | qwertyuiopasdfghjklzxcvbnmnbvcxzlkjhgfdsapoiuytrewq
 61726 | Vaults:1 | TerrariaFan:
                  | qwertyuiopasdfghjklzxcvbnmnbvcxzlkjhgfdsapoiuytrewq
 61726 | Vaults:1 | TerrariaFan:
                  | qwertyuiopasdfghjklzxcvbnmnbvcxzlkjhgfdsapoiuytrewq
 61726 | Vaults:1 | TerrariaFan:
                  | qwertyuiopasdfghjklzxcvbnmnbvcxzlkjhgfdsapoiuytrewq
 61726 | Vaults:1 | TerrariaFan:
                  | qwertyuiopasdfghjklzxcvbnmnbvcxzlkjhgfdsapoiuytrewq
 61726 | Vaults:1 | TerrariaFan:
                  | qwertyuiopasdfghjklzxcvbnmnbvcxzlkjhgfdsapoiuytrewq
 61726 | Vaults:1 | TerrariaFan:
                  | qwertyuiopasdfghjklzxcvbnmnbvcxzlkjhgfdsapoiuytrewq
 61726 | Vaults:1 | TerrariaFan:
                  | qwertyuiopasdfghjklzxcvbnmnbvcxzlkjhgfdsapoiuytrewq
 61726 | Vaults:1 | TerrariaFan:
                  | qwertyuiopasdfghjklzxcvbnmnbvcxzlkjhgfdsapoiuytrewq
 61726 | Vaults:1 | TerrariaFan:
                  | qwertyuiopasdfghjklzxcvbnmnbvcxzlkjhgfdsapoiuytrewq
 61726 | Vaults:1 | TerrariaFan:
                  | qwertyuiopasdfghjklzxcvbnmnbvcxzlkjhgfdsapoiuytrewq
 61726 | Vaults:1 | TerrariaFan:
                  | qwertyuiopasdfghjklzxcvbnmnbvcxzlkjhgfdsapoiuytrewq
 61726 | Vaults:1 | TerrariaFan:
                  | qwertyuiopasdfghjklzxcvbnmnbvcxzlkjhgfdsapoiuytrewq
 61726 | Vaults:1 | TerrariaFan:
                  | qwertyuiopasdfghjklzxcvbnmnbvcxzlkjhgfdsapoiuytrewq
 61733 | Vaults:1 | hehateme: hello how are you
 61736 | Vaults:1 | TerrariaFan: Good
 61746 | Vaults:1 | TerrariaFan: (not really
 61754 | Vaults:1 | TerrariaFan: )
 61762 | Vaults:1 | hehateme: ah. why is that my friend
 61950 | Vaults:1 | TerrariaFan: Well I have school
 61962 | Vaults:1 | TerrariaFan: a lot
 62050 | Vaults:1 | Reached skill level 3 in Dodging
 62096 | Vaults:1 | Reached skill level 13 in Throwing
 62148 | Vaults:1 | TerrariaFan: ANd is stressing me out
 62148 | Vaults:1 | TerrariaFan: -
 62148 | Vaults:1 | TerrariaFan: -
 62148 | Vaults:1 | hehateme: Me too it takes discipline it's very stressful
 62203 | Vaults:1 | TerrariaFan: yeah
 62222 | Vaults:1 | TerrariaFan: Where is the orc captain
 62296 | Vaults:1 | TerrariaFan: Also u look like a gargoyale
 63079 | Vaults:1 | TerrariaFan: ik how to do tht
 63602 | Vaults:1 | Reached skill level 4 in Dodging
 63828 | Vaults:1 | TerrariaFan: Thsi is definatly old
 63956 | Vaults:1 | TerrariaFan: lol why am i mis speling everything
 63956 | Vaults:1 | hehateme: crystal spear is crazy lol
 63960 | Vaults:1 | TerrariaFan: yeah
 64112 | Vaults:1 | hehateme: This character is very strong
 64116 | Vaults:1 | TerrariaFan: I gtg to bed soon
 64133 | Vaults:1 | Found a roughly hewn altar of Beogh.
 64177 | Vaults:1 | TerrariaFan: Just letting u know
 64183 | Vaults:1 | hehateme: Ok take it easy
 64226 | Vaults:1 | Identified the +1 morningstar "Ykhlivut" {vamp, +Rage rF+
                  | rN+}
 64254 | Vaults:1 | Noticed a deep elf demonologist
 64254 | Vaults:1 | Noticed a deep elf sorcerer
 64266 | Vaults:1 | Noticed a Hell Sentinel
 64494 | Vaults:1 | TerrariaFan: aight
 64705 | Vaults:2 | Reached skill level 5 in Dodging
 64706 | Vaults:2 | Found Bebupnih's Distillery.
 64737 | Vaults:2 | Bought a potion of heal wounds for 90 gold pieces
 64737 | Vaults:2 | Bought a potion of haste for 180 gold pieces
 64737 | Vaults:2 | Bought a potion of cancellation for 144 gold pieces
 64737 | Vaults:2 | Bought a potion of heal wounds for 90 gold pieces
 64737 | Vaults:2 | Bought a potion of might for 72 gold pieces
 64768 | Vaults:2 | Reached skill level 14 in Throwing
 64842 | Vaults:2 | TerrariaFan: i gtg to bed
 64843 | Vaults:2 | hehateme: night
 65038 | Vaults:2 | Noticed Mennas
 65250 | Vaults:2 | Reached XP level 20. HP: 137/137 MP: 20/20
 65282 | Vaults:2 | Reached skill level 6 in Dodging
 65554 | Vaults:2 | Killed Mennas
 65554 | Vaults:2 | Reached skill level 15 in Throwing
 65682 | Vaults:2 | Reached skill level 7 in Dodging
 66047 | Vaults:2 | Reached skill level 8 in Dodging
 66180 | Vaults:2 | Identified the +2 rapier "Fuysiracam" {vamp, Dex+3}
 66667 | Vaults:2 | Found a staircase to the Crypt.
 66738 | Vaults:3 | Reached skill level 9 in Dodging
 67129 | Vaults:2 | Reached skill level 10 in Dodging
 67555 | Vaults:3 | Reached skill level 11 in Dodging
 67570 | Vaults:3 | Reached XP level 21. HP: 143/143 MP: 21/21
 67967 | Vaults:3 | Found Riciosia's Weapon Shoppe.
 68105 | Vaults:3 | Reached skill level 12 in Dodging
 68324 | Vaults:3 | Found the +7 Singing Sword {vorpal, sonic wave}
 68658 | Vaults:3 | Got a pitted mace
 69072 | Vaults:4 | Found Faadwaq's General Store.
 69080 | Vaults:4 | Noticed Sojobo
 69116 | Vaults:4 | Killed Sojobo
 69489 | Vaults:4 | Reached skill level 13 in Dodging
 69805 | Vaults:4 | Found a shattered altar of Ashenzari.
 70428 | Vaults:5 | Entered Level 5 of the Vaults
 70439 | Vaults:5 | Reached skill level 14 in Dodging
 70451 | Vaults:5 | Noticed an ancient lich
 70548 | Vaults:5 | Reached XP level 22. HP: 148/148 MP: 22/22
 70557 | Vaults:5 | Noticed an Ice Fiend
 70568 | Vaults:5 | Killed an ancient lich
 70600 | Vaults:5 | Got a silver rune of Zot
 70658 | Vaults:5 | Reached skill level 15 in Dodging
 70718 | Vaults:5 | Identified the cursed +1 quarterstaff of Rankun {vorpal,
                  | rElec MR+ Str+3 Int+4}
 70739 | Vaults:5 | Noticed a deep elf demonologist
 70827 | Vaults:5 | Noticed a lich
 70849 | Vaults:5 | Killed a lich
 70881 | Vaults:5 | Killed a deep elf demonologist
 71038 | Vaults:5 | Identified the +3 ring mail of Koesocw {rC++ Dex+4}
 71068 | Vaults:5 | Noticed a deep elf sorcerer
 71093 | Vaults:5 | Found the +7 Spriggan's Knife {stab, EV+4 Stlth+}
 71095 | Vaults:5 | Found Googic's Armour Boutique.
 71206 | Vaults:5 | Killed a deep elf sorcerer
 71347 | Vaults:5 | Reached skill level 16 in Dodging
 71347 | Vaults:5 | Identified the ring "Zuogouwo" {rF+ rN+ Stlth-}
 71402 | Vaults:5 | Noticed a deep elf demonologist
 71407 | Vaults:5 | Killed a deep elf demonologist
 71799 | Vaults:5 | Identified the Guide on Dark Transmutation
 71815 | Vaults:5 | Got a shimmering plate armour
 71826 | Vaults:5 | Identified the +4 plate armour "Itavea" {Harm Int+4 Dex+5
                  | Stlth+} (You found it on level 5 of the Vaults)
 72098 | Vaults:5 | Found the +1 cloak of Starlight {rElec rC+ EV+4 Stlth--}
 72380 | Elf:1    | Entered Level 1 of the Elven Halls
 72471 | Elf:1    | Found Fyimpi Yptec's Armour Shoppe.
 72558 | Elf:1    | Noticed a deep elf demonologist
 72570 | Elf:1    | Killed a deep elf demonologist
 72576 | Elf:1    | Noticed a deep elf demonologist
 72582 | Elf:1    | Noticed a deep elf demonologist
 72585 | Elf:1    | Killed a deep elf demonologist
 72593 | Elf:1    | Killed a deep elf demonologist
 72728 | Elf:1    | Found Miorewiv's General Store.
 72808 | Elf:1    | Identified Sif Muna's Catalogue of Creative Confrontation
 72876 | Elf:1    | Got an ancient helmet
 72882 | Elf:1    | Identified the +2 helmet of Life {rN+ Str-4 Int+3} (You
                  | found it on level 1 of the Elven Halls)
 73206 | Elf:1    | Found Gampuol's Distillery.
 73333 | Elf:1    | Noticed Donald
 73348 | Elf:1    | Killed Donald
 73581 | Elf:1    | Found Volleczy's Distillery.
 73584 | Elf:1    | Bought a potion of haste for 140 gold pieces
 73584 | Elf:1    | Bought a potion of invisibility for 112 gold pieces
 73584 | Elf:1    | Bought a potion of heal wounds for 70 gold pieces
 73607 | Elf:2    | Identified the +12 scimitar "Rinixupti" {distort, MP+9
                  | Int+4 SInv}
 73609 | Elf:2    | Noticed a deep elf demonologist
 73610 | Elf:2    | Found a transporter.
 73716 | Elf:2    | Found Wywaduiph's Magic Scroll Emporium.
 73724 | Elf:2    | Bought a scroll of teleportation for 45 gold pieces
 73724 | Elf:2    | Bought a scroll of teleportation for 45 gold pieces
 73724 | Elf:2    | Bought a scroll of fog for 30 gold pieces
 73724 | Elf:2    | Bought a scroll of teleportation for 45 gold pieces
 73754 | Elf:2    | Reached skill level 17 in Dodging
 73818 | Elf:2    | Found a huge runed translucent gate.
 73818 | Elf:2    | Found a huge runed translucent gate.
 73818 | Elf:2    | Found a huge runed translucent gate.
 73818 | Elf:2    | Found a huge runed translucent gate.
 73823 | Elf:2    | Found a huge runed translucent gate.
 73884 | Elf:2    | Found a transporter.
 73949 | Elf:2    | Found Maoc's Food Shop.
 74045 | Elf:2    | Noticed reptisaurus's ghost (adept HaAr)
 74049 | Elf:2    | Identified the amulet of the Fool {Reflect Fragile +Blink
                  | rPois Dex+4 SH+5}
 74167 | Elf:2    | Found Hiolama's Magic Scroll Boutique.
 74215 | Elf:3    | Entered Level 3 of the Elven Halls
 74459 | Elf:3    | Noticed a deep elf demonologist
 74713 | Elf:2    | Bought a scroll of fear for 59 gold pieces
 74713 | Elf:2    | Bought a scroll of teleportation for 51 gold pieces
 74713 | Elf:2    | Bought 3 scrolls of enchant armour for 382 gold pieces
 74713 | Elf:2    | Bought a scroll of teleportation for 51 gold pieces
 74880 | Elf:3    | Reached XP level 23. HP: 153/153 MP: 23/23
 74981 | Elf:3    | Killed a deep elf demonologist
 75282 | Elf:3    | Identified the +6 hand axe of Light {antimagic, Str+7}
 75286 | Elf:3    | Noticed a deep elf sorcerer
 75286 | Elf:3    | Noticed a deep elf sorcerer
 75287 | Elf:3    | Noticed a deep elf sorcerer
 75287 | Elf:3    | Noticed a deep elf demonologist
 75388 | Elf:3    | Killed a deep elf sorcerer
 75433 | Elf:3    | Identified the ring of Disapn {Fire Dex+2}
 75434 | Elf:3    | Identified the +10 broad axe "Koamaer" {venom, Int+2}
 75434 | Elf:3    | Noticed a deep elf sorcerer
 75807 | Elf:3    | Killed a deep elf sorcerer
 76962 | Elf:3    | Killed a deep elf sorcerer
 76973 | Elf:3    | Noticed a deep elf sorcerer
 77013 | Elf:3    | Killed a deep elf sorcerer
 77065 | Elf:3    | Killed a deep elf demonologist
 77069 | Elf:3    | Reached skill level 18 in Dodging
 77105 | Elf:3    | Noticed a deep elf sorcerer
 77111 | Elf:3    | Killed a deep elf sorcerer
 77121 | Elf:3    | Noticed a deep elf sorcerer
 77155 | Elf:2    | Killed a deep elf sorcerer
 77286 | Elf:3    | Noticed a deep elf demonologist
 77414 | Elf:3    | Killed a deep elf demonologist
 77851 | Elf:3    | Noticed a deep elf sorcerer
 77860 | Elf:3    | Killed a deep elf sorcerer
 77916 | Elf:3    | Identified the +5 rapier of Indignation {protect, +Blink
                  | rElec Int-2 Dex+3}
 77916 | Elf:3    | Noticed a deep elf demonologist
 77921 | Elf:3    | Noticed a deep elf demonologist
 77924 | Elf:3    | Killed a deep elf demonologist
 77928 | Elf:3    | Killed a deep elf demonologist
 78222 | Elf:3    | Killed a deep elf sorcerer
 78818 | Depths:1 | Entered Level 1 of the Depths
 79072 | Depths:1 | Found the +7 sceptre of Torment {pain, torment}
 79095 | Depths:1 | Found a shattered altar of Ashenzari.
 79641 | Depths:1 | Noticed Aizul
 79664 | Depths:1 | Killed Aizul
 79671 | Depths:1 | Reached skill level 12 in Armour
 79807 | Depths:1 | Found a gateway to Hell.
 80604 | Depths:1 | Found Kajom's Armour Boutique.
 80604 | Depths:1 | Found Xatuzodd's Antique Weapon Shop.
 80615 | Depths:1 | Found Zelenku's General Store.
 80619 | Depths:1 | Found Uvvirar's Distillery.
 80623 | Depths:1 | Bought a scroll of summoning for 171 gold pieces
 80623 | Depths:1 | Bought a scroll of acquirement for 936 gold pieces
 80657 | Depths:1 | Acquired 1580 gold pieces
 80747 | Depths:1 | Found Juapheor's Distillery.
 80750 | Depths:1 | Noticed Nikola
 80751 | Depths:1 | Noticed Asterion
 80764 | Depths:1 | Gained mutation: Armour fits poorly on your strangely
                  | shaped body. [a cacodemon]
 80768 | Depths:1 | Killed Nikola
 80775 | Depths:1 | Reached skill level 13 in Armour
 80788 | Depths:1 | Killed Asterion
 80823 | Depths:1 | Bought 2 potions of haste for 320 gold pieces
 80823 | Depths:1 | Bought a potion of haste for 160 gold pieces
 80823 | Depths:1 | Bought a potion of heal wounds for 80 gold pieces
 80823 | Depths:1 | Bought a potion of berserk rage for 80 gold pieces
 81185 | Depths:1 | Noticed a lich
 81202 | Depths:1 | Killed a lich
 81226 | Depths:1 | Noticed a lich
 81246 | Depths:1 | Killed a lich
 81733 | Depths:2 | Found a gateway to a ziggurat.
 81819 | Depths:2 | Reached skill level 14 in Armour
 81928 | Depths:2 | Found a runed translucent door.
 81942 | Depths:2 | Found a runed translucent door.
 82017 | Depths:2 | Reached XP level 24. HP: 154/160 MP: 23/23
 82102 | Depths:2 | Found a runed translucent door.
 82102 | Depths:2 | Found a runed translucent door.
 82207 | Depths:2 | Reached skill level 15 in Armour
 82499 | Depths:2 | Reached skill level 19 in Fighting
 83576 | Depths:3 | Found a one-way gate leading to the halls of Pandemonium.
 83916 | Depths:3 | Identified the +1 mace "Secret Weapon" {venom, MP+9}
 84399 | Depths:3 | You fall into a shaft and drop 2 floors!
 84399 | Depths:5 | Entered Level 5 of the Depths
 84415 | Depths:5 | Reached skill level 15 in Long Blades
 84643 | Depths:5 | Noticed an entropy weaver
 84648 | Depths:5 | Killed an entropy weaver
 84926 | Depths:5 | Reached skill level 20 in Fighting
 85182 | Depths:5 | Noticed Margery
 85192 | Depths:5 | Killed Margery
 85303 | Depths:5 | Found a sparkling altar of Nemelex Xobeh.
 85593 | Depths:3 | Voluntarily entered the Abyss.
 85722 | Abyss:1  | Gained mutation: You are frail. (-10% HP) [a neqoxec]
 85785 | Abyss:1  | Found a bloodstained altar of Trog.
 85828 | Abyss:1  | Found a corrupted altar of Lugonu.
 85934 | Depths:3 | Escaped the Abyss
 86042 | Depths:4 | Reached XP level 25. HP: 150/152 MP: 23/23
 86152 | Depths:4 | Noticed a lich
 86176 | Depths:4 | Killed a lich
 86177 | Depths:4 | Noticed a caustic shrike
 86309 | Pan      | Entered Pandemonium
 86805 | Pan      | Reached skill level 16 in Long Blades
 86976 | Pan      | Noticed a Brimstone Fiend
 87279 | Pan      | Noticed Zecae the pandemonium lord
 87355 | Pan      | Killed Zecae the pandemonium lord
 87472 | Pan      | Reached skill level 21 in Fighting
 87548 | Pan      | Noticed Kaynaf the pandemonium lord
 87708 | Pan      | Gained mutation: You are weak. (Str -2) [a neqoxec]
 87718 | Pan      | Gained mutation: You are very frail. (-20% HP) [a neqoxec]
 87751 | Pan      | Gained mutation: [You are dopey. (Int -2)] [a neqoxec]
 87796 | Pan      | Gained mutation: Potions are less effective at restoring
                  | your health. [a neqoxec]
 88187 | Pan      | Noticed a Tzitzimitl
 89024 | Pan      | Noticed Zaihemug the pandemonium lord
 89060 | Pan      | Entered the realm of Cerebov.
 89096 | Pan      | HP: 33/137 [Zaihemug the pandemonium lord (5)]
 89098 | Pan      | HP: 11/137 [Zaihemug the pandemonium lord (13)]
 89103 | Pan      | HP: 17/137 [Zaihemug the pandemonium lord (26)]
 89104 | Pan      | Cast into level 5 of the Abyss (Zaihemug)
 89104 | Abyss:5  | Entered Level 5 of the Abyss
 89112 | Abyss:5  | HP: 24/137 [worldbinder (5)]
 89201 | Abyss:5  | Reached skill level 17 in Long Blades
 89211 | Abyss:5  | HP: 15/137 [very large slime creature (35)]
 89225 | Abyss:5  | HP: 10/137 [daeva/divine providence[a glowing orange brain]
                  | (11)]
 89230 | Abyss:5  | Killed from afar by a daeva

Table legend:
 A = Turns spent in this place as a percentage of turns spent in the entire game.
 B = Non-inter-level travel turns spent in this place as a percentage of non-inter-level travel turns spent in the entire game.
 C = Inter-level travel turns spent in this place as a percentage of turns spent in this place.
 D = Turns resting spent in this place as a percentage of non-inter-level travel turns spent in this place.
 E = Turns spent auto-exploring this place as a percentage of non-inter-level travel turns spent in this place.
 F = Non-inter-level travel turns spent in this place divided by the number of levels of this place that you've seen.
                   A       B       C       D       E      F
               +-------+-------+-------+-------+-------+----------------------
         Total | 100.0 | 100.0 |   6.9 |  25.8 |  39.3 | 1484.2
       Dungeon |  24.9 |  23.7 |  11.4 |  16.5 |  49.2 | 1315.1
        Temple |   0.1 |   0.0 |  44.4 |   0.0 |  84.0 |  25.0
          Lair |  10.6 |  10.2 |   9.8 |  26.1 |  40.2 | 1415.8
        Shoals |   8.4 |   8.7 |   3.2 |  34.0 |  33.3 | 1809.2
     Snake Pit |  16.3 |  17.0 |   3.0 |  34.5 |  24.4 | 3522.8
  Orcish Mines |   8.5 |   8.2 |  10.7 |  28.6 |  32.1 | 3403.0
   Elven Halls |   7.1 |   7.1 |   5.9 |  40.0 |  41.7 | 1979.7
        Vaults |  12.4 |  12.9 |   3.4 |  22.5 |  44.8 | 2141.0
        Depths |   7.4 |   7.5 |   6.2 |  23.2 |  41.5 | 1243.6
         Abyss |   0.5 |   0.6 |   0.0 |   3.0 |  39.8 | 233.5
   Pandemonium |   3.1 |   3.4 |   0.0 |   9.9 |  47.3 | 349.4
       Volcano |   0.7 |   0.7 |   0.0 |  33.4 |  23.1 | 611.0
               +-------+-------+-------+-------+-------+----------------------

Table legend:
 A = Kills in this place as a percentage of kills in entire the game.
 B = Kills by you in this place as a percentage of kills by you in the entire game.
 C = Kills by friends in this place as a percentage of kills by friends in the entire game.
 D = Other kills in this place as a percentage of other kills in the entire game.
 E = Experience gained in this place as a percentage of experience gained in the entire game.
 F = Experience gained in this place divided by the number of levels of this place that you have seen.
                   A       B       C       D       E      F
               +-------+-------+-------+-------+-------+----------------------
         Total | 100.0 | 100.0 | 100.0 | 100.0 | 100.0 | 18908.4
       Dungeon |  24.8 |  25.2 |  13.3 |   0.0 |   7.7 | 5412.9
          Lair |   7.5 |   7.6 |   0.0 |   0.0 |   3.8 | 6697.5
        Shoals |   7.6 |   7.7 |   0.0 |   0.0 |   7.8 | 20646.0
     Snake Pit |   8.5 |   8.6 |   0.0 |  10.7 |  10.1 | 26621.0
  Orcish Mines |   6.6 |   6.8 |   0.0 |   0.0 |   2.1 | 11371.0
   Elven Halls |   6.3 |   5.5 |   0.0 |  64.3 |  10.6 | 37515.3
        Vaults |  21.2 |  20.8 |  73.3 |  25.0 |  30.1 | 63831.6
        Depths |  10.9 |  11.1 |   0.0 |   0.0 |  18.7 | 39551.6
         Abyss |   1.2 |   1.2 |   0.0 |   0.0 |   1.0 | 5168.0
   Pandemonium |   4.7 |   4.7 |  13.3 |   0.0 |   7.6 | 10121.0
       Volcano |   0.8 |   0.8 |   0.0 |   0.0 |   0.5 | 4917.0
               +-------+-------+-------+-------+-------+----------------------

Action                   |  1- 3 |  4- 6 |  7- 9 | 10-12 | 13-15 | 16-18 | 19-21 | 22-24 | 25-27 || total
-------------------------+-------+-------+-------+-------+-------+-------+-------+-------+-------++-------
Melee: War axe           |   188 |    57 |   114 |   740 |   596 |       |       |       |       ||  1695
       Mace              |       |    89 |   347 |       |       |       |       |       |       ||   436
       Demon blade       |       |       |       |     4 |  1180 |  1779 |   820 |   799 |   426 ||  5008
       Double sword      |       |       |       |       |       |       |   125 |   238 |       ||   363
       Morningstar       |       |       |       |       |       |       |       |   216 |       ||   216
Throw: Stone             |    31 |     7 |   192 |    11 |       |       |       |       |       ||   241
       Javelin           |       |       |       |    27 |   120 |   208 |    49 |   308 |       ||   712
       Dart              |       |       |       |       |   370 |   395 |       |       |       ||   765
       Boomerang         |       |       |       |       |       |   354 |   874 |   899 |   347 ||  2474
       Throwing net      |       |       |       |       |       |       |     1 |       |       ||     1
Invok: Potion Petition   |       |       |       |     1 |       |     1 |     7 |     2 |     9 ||    20
       Call Merchant     |       |       |       |       |     1 |     1 |       |       |       ||     2
       Bribe Branch      |       |       |       |       |       |       |     1 |       |       ||     1
 Abil: Fly               |       |       |       |       |       |     4 |     1 |       |       ||     5
       Stop Flying       |       |       |       |       |       |     4 |     1 |       |       ||     5
Evoke: Wand              |       |       |     1 |    41 |    28 |     5 |     1 |       |     3 ||    79
  Use: Potion            |       |     2 |       |     4 |     3 |     5 |     6 |     8 |    20 ||    48
       Scroll            |       |       |    12 |    10 |    23 |    16 |     5 |    10 |    12 ||    88
 Stab: Distracted        |       |       |       |     4 |    10 |     4 |     5 |     4 |       ||    27
       Sleeping          |       |       |       |     3 |       |     1 |     4 |     1 |     2 ||    11
       Invisible         |       |       |       |       |       |     1 |     1 |       |       ||     2
  Eat: Chunk             |     2 |     4 |     8 |       |       |       |       |       |       ||    14
       Ration            |       |       |     3 |     8 |    19 |    22 |    10 |    14 |     4 ||    80
Armor: Scale mail        |    50 |       |       |       |    82 |       |       |       |       ||   132
       Chain mail        |    73 |   104 |   383 |   435 |   555 |   162 |       |       |       ||  1712
       Plate armour      |       |       |       |       |   238 |   203 |       |       |       ||   441
       Quicksilver drago |       |       |       |       |       |   367 |   285 |   387 |   130 ||  1169
Dodge: Dodged            |    67 |    41 |   124 |   137 |   302 |   293 |   185 |   405 |   236 ||  1790
Block: Kite shield       |   118 |    90 |   307 |   404 |  1239 |  1340 |   663 |   970 |   415 ||  5546
       Reflection        |       |       |       |       |    80 |   291 |    88 |   108 |     5 ||   572
       Rpst.: Demon blade |       |       |       |     2 |    34 |    39 |    26 |    23 |    38 ||   162
       Double sword      |       |       |       |       |       |       |     5 |    14 |       ||    19

Vanquished Creatures
  A pandemonium lord (Pan)
  Mennas (Vaults:2)
  Sojobo (Vaults:4)
  Margery (Depths:5)
  A golden dragon (Depths:5)
  Nikola (Depths:1)
  Jorgrun (D:13)
  4 liches
  A tentacled monstrosity (Vaults:5)
  Asterion (Depths:1)
  2 deep elf blademasters (Elf:2)
  3 titans
  2 deep elf master archers (Elf:3)
  3 Executioners (Pan)
  A tentacled starspawn (Abyss:1)
  2 sphinxes
  6 tengu reavers
  Gastronok (Lair:2)
  Donald (Elf:1)
  11 nagarajas
  4 shadow dragons
  Ilsuiw (Shoals:4)
  2 storm dragons
  6 fire giants
  8 frost giants
  Aizul (Depths:1)
  8 deep elf sorcerers
  An iron dragon (Vaults:5)
  A corrupter (Pan)
  5 balrugs
  12 vault wardens
  A deep elf elementalist (Elf:3)
  A black sun (Pan)
  Louise (Snake:4)
  2 cacodemons (Pan)
  13 ironheart preservers
  A caustic shrike zombie (Depths:3)
  A ghoul (Vaults:2)
  A war gargoyle (Vaults:5)
  2 blood saints (Pan)
  16 stone giants
  13 very ugly things
  An entropy weaver (Vaults:1)
  2 spriggan defenders
  A reaper (Pan)
  An entropy weaver (shapeshifter) (Depths:5)
  9 deep elf demonologists
  A red draconian (Volcano)
  5 spark wasps
  12 deep elf annihilators
  3 lorocyprocas (Pan)
  7 merfolk javelineers
  7 blizzard demons
  Snorg (Lair:6)
  7 merfolk impalers
  5 deep elf death magi
  Josephine (Orc:1)
  3 green deaths (Pan)
  11 ettins
  4 jiangshi (Depths:2)
  6 fire dragons
  8 yaktaur captains
  2 monstrous demonspawn (Pan)
  15 ogre magi
  3 deep elf high priests (Elf:3)
  Harold (D:7)
  3 great orbs of eyes (Vaults:3)
  31 vault guards
  3 rakshasas
  8 ice dragons
  16 naga warriors
  A great orb of eyes (shapeshifter) (Depths:2)
  Erolcha (D:13)
  2 hell beasts (Pan)
  5 spriggan air magi
  6 hydras
  8 centaur warriors
  Erica (Lair:2)
  2 alligator snapping turtles
  6 merfolk avatars
  6 anacondas
  9 merfolk aquamancers
  48 two-headed ogres
  2 death knights
  7 deep troll earth magi
  7 deep troll shamans
  7 tengu warriors
  Urug (D:11)
  6 death yaks
  A thrashing horror (Abyss:1)
  3 vampire magi
  4 shock serpents
  2 spriggan berserkers
  6 orc high priests
  6 soul eaters
  11 hell knights
  8 naga sharpshooters
  Nergalle (D:12)
  Sonja (Lair:1)
  10 sun demons
  2 fire crabs (shapeshifter)
  An iron troll (Depths:3)
  10 deep elf knights
  2 shadow wraiths
  4 salamander mystics
  6 sixfirhies
  11 skeletal warriors
  An unseen horror (D:10)
  7 glowing orange brains
  16 sea snakes
  A gelid demonspawn (Pan)
  A storm dragon skeleton (Abyss:1)
  32 deep trolls
  A glowing orange brain (shapeshifter) (Depths:2)
  2 infernal demonspawn (Pan)
  11 ironbrand convokers
  An unseen horror (shapeshifter) (Vaults:1)
  2 shadow demons (Pan)
  3 phantasmal warriors
  8 harpies
  2 wolf spider zombies
  18 deep elf archers
  6 naga ritualists
  3 necromancers
  20 orc knights
  6 wizards
  9 mana vipers
  4 orc sorcerers
  5 cyclopes
  56 deep elf magi
  26 ugly things
  A wolf spider (Vaults:2)
  18 salamanders
  7 fauns
  A sphinx skeleton (Depths:3)
  10 merfolk sirens
  4 guardian serpents
  5 centaur zombies
  13 manticores
  A black mamba (shapeshifter) (Vaults:4)
  3 water nymphs
  A torpor snail (Lair:6)
  4 orange demons
  A titan simulacrum (Depths:3)
  A gargoyle (D:10)
  2 elephants (Lair:5)
  26 black mambas
  4 molten gargoyles (D:14)
  30 naga magi
  3 smoke demons
  A spriggan zombie (Depths:1)
  9 vault sentinels
  2 yaktaurs (shapeshifter)
  6 spiny frogs
  A freezing wraith (Vaults:1)
  38 yaktaurs
  6 rime drakes
  2 tormentors (Pan)
  An ice devil (Depths:3)
  9 komodo dragons
  6 centaur skeletons
  A redback zombie (D:15)
  An ancient zyme (Abyss:1)
  6 kobold demonologists
  3 hellwings (Pan)
  4 red devils (Pan)
  2 tengu conjurers
  6 hornets
  5 polar bears
  A queen bee (shapeshifter) (D:15)
  A meliai (shapeshifter) (D:14)
  7 trolls
  A snapping turtle (shapeshifter) (Depths:2)
  6 wind drakes
  A wind drake (shapeshifter) (D:10)
  28 slime creatures
  47 merfolk
  2 blink frogs (shapeshifter)
  A fire giant simulacrum (Depths:1)
  A frost giant simulacrum (Depths:1)
  6 hippogriffs
  12 snapping turtles
  Grinder (D:4)
  7 raiju
  15 large abominations
  6 air elementals
  24 water elementals
  4 spriggans
  4 shadows
  A tarantella (Vaults:1)
  6 wraiths
  3 redbacks (Vaults:1)
  A vampire (D:15)
  4 fire elementals
  9 fire bats (Volcano)
  5 wyverns
  7 ynoxinuls
  5 basilisks
  Grum (D:8)
  4 humans
  9 chaos spawn (Pan)
  27 yaks
  6 neqoxecs
  A golden eye (shapeshifter) (Vaults:3)
  6 vampire mosquitoes
  8 wargs
  48 nagas
  A soldier ant (D:13)
  3 small abominations
  An acid dragon (Vaults:1)
  11 water moccasins
  8 porcupines
  59 orc warriors
  A black bear (shapeshifter) (Vaults:1)
  A swamp drake (Orc:1)
  An eye of draining (D:12)
  An ice beast (D:9)
  6 phantoms
  7 sky beasts
  A hornet zombie (D:15)
  46 ogres
  2 necrophages
  An ogre (shapeshifter) (Vaults:3)
  15 boggarts
  6 wolves
  18 centaurs
  13 crocodiles
  3 big kobolds
  15 bullfrogs
  A tengu simulacrum (Depths:1)
  2 wyvern zombies
  4 scorpions
  18 killer bees
  5 howler monkeys
  3 electric eels (Lair:4)
  3 lava snakes
  4 bullfrog zombies
  11 crimson imps
  2 quasits
  24 jellies
  4 hounds
  2 iron imps
  39 orc priests
  6 bullfrog skeletons
  A gnoll shaman (D:8)
  12 human skeletons (Vaults:4)
  Jessica (D:2)
  Ijyb (D:3)
  Terence (D:2)
  3 iguanas
  34 orc wizards
  10 worker ants
  2 hound zombies
  2 hound skeletons
  A worker ant zombie (D:6)
  Robin (D:2)
  15 adders
  2 river rats (D:8)
  8 gnolls
  6 shadow imps
  3 white imps
  3 ufetubi
  15 oozes
  An adder skeleton (D:10)
  4 worms
  2 dart slugs (D:2)
  7 leopard geckos
  145 orcs
  A ball python (D:2)
  4 bats
  3 giant cockroaches
  22 goblins
  16 hobgoblins
  18 jackals
  5 quokkas
  7 frilled lizards
  A jackal skeleton (D:6)
  16 kobolds
  12 rats
  4 fungi
  8 plants
2093 creatures vanquished.

Vanquished Creatures (collateral kills)
  An ancient lich (Vaults:5)
  A shadow dragon (Vaults:5)
  A vault warden (Vaults:5)
  A frost giant (Vaults:5)
  A deep elf high priest (Vaults:5)
  A vault guard (Vaults:5)
  2 two-headed ogres (Vaults:5)
  An ogre mage (Vaults:5)
  A hell knight (Vaults:5)
  An orc knight (Vaults:5)
  2 ugly things (D:15)
  A hellion (Pan)
  A chaos spawn (Pan)
15 creatures vanquished.

Vanquished Creatures (others)
  2 tentacled monstrosities (Vaults:5)
  A quicksilver dragon (Vaults:5)
  2 titans (Vaults:5)
  A shadow dragon (Vaults:5)
  2 vault wardens
  A deep elf sorcerer (Vaults:5)
  2 ironheart preservers (Vaults:5)
  2 war gargoyles (Vaults:5)
  A deep elf demonologist (Vaults:5)
  An ettin (Vaults:5)
  A merfolk impaler (Shoals:4)
  3 deep elf high priests (Vaults:5)
  2 yaktaur captains (Vaults:5)
  A two-headed ogre (Vaults:5)
  17 dancing weapons
  2 deep troll earth magi (Vaults:5)
  4 deep trolls (Vaults:5)
  A naga ritualist (Snake:4)
  7 deep elf magi
  An orb spider (shapeshifter) (Vaults:5)
  An orc knight (Vaults:5)
  A manticore (Shoals:4)
  An ugly thing (Vaults:5)
  A cyclops (Shoals:4)
  2 naga magi
  A merfolk (Shoals:4)
  A troll (Vaults:5)
  A hornet (Vaults:5)
  A swamp worm (shapeshifter) (Vaults:5)
  An ogre (Vaults:3)
  An orc priest (Vaults:5)
  A shadow imp (Orc:1)
  2 orcs
  2 bushes (Lair:6)
  11 fungi
  47 plants
129 creatures vanquished.

Grand Total: 2237 creatures vanquished You could see a starcursed mass (summoned), a daeva (summoned), 3 cacodemons, an Executioner (fast), 6 slime creatures, 2 shining eyes, 2 glowing orange brains, 12 large abominations, 2 eyes of draining, 8 raiju, 7 small abominations, 3 flying skulls, 2 golden eyes and 2 macabre masses.

Levels and vault maps discovered:
D:1:      eino_arrival_druids_welcome, layout_loops_corners, st_stairs_4,
          nrook_mini_backslash
D:2:      layout_basic, minmay_fractal_squares_gapless_5, uniq_terence,
          uniq_robin, uniq_jessica
D:3:      layout_loops_ring, nicolae_tso_carved_into_rock, first_ration,
          uniq_ijyb
D:4:      layout_loops_cross, minmay_bisected, uniq_grinder
D:5:      layout_loops_cross, minmay_temple_entry_butterflies
D:6:      layout_rooms, chequers_serial_rivers_micro_e, item_on_display_a
D:7:      layout_loops_cross, kennysheep_mini, lightli_bailey_entry_fortress,
          serial_shops, shop, uniq_harold
D:8:      layout_basic, minitemple, dpeg_lair_monsters, uniq_grum
D:9:      cheibrodos_frozen_isle, layout_basic, serial_shops, shop
D:10:     layout_gridville
D:11:     cheibrodos_elevator_heist, layout_loops_ring, basic_altar,
          hangedman_stone_soup, minmay_misc_feat_ornament, minmay_bent,
          uniq_urug
D:12:     layout_long_grid, erik_orc_4, gammafunk_ghost_split,
          minmay_joined_circles, uniq_nergalle
D:13:     layout_roguey, grunt_vaults_entry_fortified, drop_trap, uniq_erolcha,
          uniq_jorgrun
D:14:     layout_basic, roderic_serpentine_path, minivault_8
D:15:     grunt_enter_depths_magical_seal, layout_grid_maze,
          hangedman_abyss_or_decor_slice
Temple:   regret_index_temple_waves
Lair:1:   layout_regular_city, gammafunk_ghost_split, gauntlet_entry_generic,
          minmay_holes, chequers_serial_rivers_micro_a, serial_bayou_pond_c,
          uniq_sonja
Lair:2:   lemuel_slime, layout_chaotic_city, enter_volcano_1, lemuel_fruit_tree,
          infiniplex_staircase_pool, uniq_gastronok, uniq_erica
Lair:3:   layout_small_grid, minmay_snake_entry_guardpost_medium,
          gammafunk_ghost_abyssal_escape, serial_bayou_pond_c
Lair:4:   layout_roguey, minmay_shoals_entry_centaurs, serial_bayou_shore_a
Lair:5:   layout_regular_city, minmay_slime_entry_jelly_boxes
Lair:6:   gammafunk_lair_ancient_temple, layout_regular_city,
          grunt_megastairs_2, lemuel_fruit_fields, uniq_snorg
Shoals:1: argonaut_golden_fleece, layout_shoals, nicolae_shoals_loop_pool
Shoals:2: layout_shoals, gammafunk_ghost_cemetery,
          nicolae_shoals_square_sea_wall
Shoals:3: layout_shoals
Shoals:4: shoals_end_grunt_ice, layout_shoals, shoals_ilsuiw_alternative,
          serial_shops, bzr_firewalk, lemuel_centaur_altar
Snake:1:  layout_layer_cave, grunt_ministairs_14, abandoned_shop
Snake:2:  layout_misc_corridors
Snake:3:  cheibrodos_snake_lava_hold, layout_rooms
Snake:4:  snake_pit, layout_layer_cave, serial_shops, shop_statue,
          statue_in_the_mist_lemuel, drop_trap, uniq_louise
Orc:1:    layout_diamond_mine, hangedman_minor_magic, uniq_josephine
Orc:2:    st_orc_pillars, layout_caves
Elf:1:    eino_elf_arrival_customs, layout_gridlike, serial_shops,
          nicolae_shop_trees, shop_fountains, shop, shop, minmay_elf_sorcery,
          ebering_dispersal_statue_hall, uniq_donald
Elf:2:    layout_onion_city, gammafunk_ghost_abyssal_escape, serial_shops,
          nicolae_shop_stone, nicolae_shop_waterfront,
          nicolae_shop_behind_doors, palyth_stone_intersect,
          minmay_crystal_room, uniq_agnes
Elf:3:    elf_hall, layout_rooms, st_stairs_8
Vaults:1: nicolae_vaults_big_angled_halls, nicolae_vaults_little_ls,
          vaults_room_pools, v_misc_5, vaults_standard_mumra_lines,
          special_room_vaults [special_room_orc], hangedman_vaults_stitches,
          v_misc_22, vaults_room_pools, nicolae_vaults_network_square,
          v_misc_29, vaults_room_grid, vaults_mumra_hexcomb, vaults_room_pools,
          layout_vaults_maze
Vaults:2: nicolae_vaults_disjoint_gnomons, vaults_mumra_lcd,
          minmay_crypt_entry_simple_walls, grunt_vaults_swirl,
          nicolae_vaults_three_branches, ontoclasm_vaults_twist,
          ontoclasm_vaults_chip, nicolae_vaults_what_the_h,
          ontoclasm_vaults_idyll, layout_vaults_chaotic_city, serial_shops,
          shop, uniq_mennas
Vaults:3: v_misc_24, v_misc_25, serial_ice_h, v_alt_pattern_2, v_misc_33,
          nicolae_vaults_windows_and_doors_thing, vaults_dpeg_spiral,
          nicolae_vaults_border_crossing, dpeg_vaults_monster_box,
          vaults_room_pool, ontoclasm_vaults_gateway,
          nicolae_vaults_statue_guard, layout_vaults_ring
Vaults:4: hangedman_vaults_impose, nicolae_vaults_shelves_hall,
          hangedman_vaults_slice, vaults_room_semicircle,
          dpeg_vaults_monster_row, ontoclasm_vaults_idyll,
          ontoclasm_vaults_ring_small, grunt_vaults_bifocal,
          ontoclasm_vaults_chip, layout_vaults_omnigrid, serial_shops,
          nicolae_shop_stone, basic_altar, uniq_sojobo
Vaults:5: serial_shops
Depths:1: layout_cave_shapes, lightli_too_deep, nicolae_ashenzari_panopticon,
          serial_shops, nicolae_shop_trees, chequers_serial_rivers_large_a,
          minmay_misc_feat_encased, water_boxes_lemuel, minmay_shoptagon,
          uniq_nikola, uniq_aizul, uniq_asterion
Depths:2: impenetrable_vault, layout_cave_pools, enter_ziggurat_c,
          pf_vacation_house_of_asmodeus, corexii_corridor_pit
Depths:3: minmay_the_grid_triangle_9x9_rhombus_full
          [minmay_the_grid_triangle_9x9_thin_v,
          minmay_the_grid_triangle_9x9_zippers_horizontal,
          minmay_the_grid_triangle_9x9_dagger,
          minmay_the_grid_triangle_9x9_zippers_vertical,
          minmay_the_grid_triangle_9x9_negative_grid,
          minmay_the_grid_triangle_9x9_longest,
          minmay_the_grid_triangle_9x9_wacky_v,
          minmay_the_grid_triangle_9x9_prize_center], layout_gridlike,
          hell_entry, kennysheep_nondescript, grunt_pan_entry_spiral,
          abyss_entry_small_statue_room, drop_trap
Depths:4: minmay_four_inscribed_fans, layout_cave_shapes,
          kennysheep_flooded_box, hell_entry, abyss_entry, nicolae_rare_books
Depths:5: grunt_zot_entry_bicorn, layout_gridville,
          nemelex_xobeh_ov_fountains_minmay, hell_entry, item_on_display_a,
          uniq_margery
Abyss:5:  base: Slime:3, evilmike_abyss_exit_7, evilmike_abyss_exit_mutagenic,
          evilmike_nicolae_abyss_rune_containment_curve, abyss_exit_lava,
          minivault_25_ag, minivault_22, evilmike_abyss_exit_15,
          evilmike_nicolae_abyss_rune_betentacled_crabyss,
          due_evilmike_abyss_rune_seething_liches,
          hangedman_abyss_rune_macabre_mess
Pan:      evilmike_mini_pan_corner, layout_small_grid, pan_blood_fountain,
          pan_blood_fountain_small, grunt_pan_sceptre, layout_gridville,
          evilmike_mini_pan_pillars, layout_grid_shapes, rand_demon_6,
          layout_pan_divisions_a [pan_division_quadrant_a1,
          pan_division_quadrant_a2, pan_division_quadrant_a4,
          pan_division_quadrant_a3, pan_division_octagon_box],
          evilmike_mini_pan_branches, layout_cellular_growth,
          evilmike_mini_pan_T, layout_grid_shapes, nicolae_pan_diamonds,
          layout_grid_shapes, pan_blood_fountain_small, pan_surprise,
          nicolae_pan_gloorx_vloqian_4, reaverb_pan_squares, cerebov_grunt,
          layout_grid_shapes
